 Dungeon Sprint DCSS version 0.24-a0-269-g32ec7ca (webtiles) character file.

Game seed: 5783256334425203939

17 Lanoc the Skirmisher (level 2, -3/25 HPs)
             Began as a Demonspawn Fighter on Apr 21, 2019.
             Slain by an iguana (8 damage)
             ... in the Dungeon (Sprint IX: "|||||||||||||||||||||||||||||").
             The game lasted 00:00:23 (36 turns).

Lanoc the Skirmisher (Demonspawn Fighter)             Turns: 36, Time: 00:00:23

Health: -3/25      AC:  7    Str: 16    XL:     2   Next: 44%
Magic:  2/2        EV:  8    Int:  9    God:
Gold:   0          SH:  8    Dex: 12    Spells: 1/1 levels left

rFire    . . .     SeeInvis .   a - +0 long sword
rCold    . . .     Gourm    .   c - +0 shield
rNeg     . . .     Faith    .   b - +0 scale mail
rPois    .         Spirit   .   (no helmet)
rElec    .         Reflect  .   (no cloak)
rCorr    .         Harm     .   (no gloves)
MR       .....     NoTele   +   (no boots)
Stlth    ..........             (no amulet)
HPRegen  0.08/turn              (no ring)
MPRegen  0.08/turn              (no ring)

@: no status effects
A: demonic guardian 1
a: no special abilities


You were in the Dungeon.
You were not hungry.

You visited 1 branch

Inventory:

Hand Weapons
 a - a +0 long sword (weapon)
Armour
 b - a +0 scale mail (worn)
 c - a +0 shield (worn)
Scrolls
 k - a scroll of blinking
Potions
 d - a potion of might
 e - a potion of curing
 g - a potion of heal wounds
 h - a potion of haste
 i - 2 potions of magic
 j - a potion of berserk rage
Comestibles
 f - a ration


   Skills:
 + Level 4.1 Fighting
 - Level 1.7 Long Blades
 + Level 3.7 Armour
 + Level 2.3 Dodging
 - Level 2.6 Shields


You had one spell level left.
You didn't know any spells.
Your spell library was empty.

Dungeon Overview and Level Annotations

Branches:
Dungeon (1/1)

Altars:


Innate Abilities, Weirdness & Mutations

A weak demonic guardian rushes to your aid.


Message History

Your Fighting skill increases to level 4!
Your Dodging skill increases to level 2!
You have reached level 2!
Your demonic ancestry asserts itself...
You feel the presence of a demonic guardian.
The leopard gecko skeleton closely misses your shadow imp.
You swap places.
The leopard gecko skeleton closely misses you.
There is an open door here.
Things that are here:
a +0 dagger; a +0 chain mail You closely miss the leopard gecko skeleton.
The leopard gecko skeleton bites you.
You slash the leopard gecko skeleton!
You destroy the leopard gecko skeleton!
You barely miss the iguana. The iguana bites you.
* * * LOW HITPOINT WARNING * * *
You block the iguana's attack.
You hit the iguana but do no damage. The iguana bites you!
You die... ▓▓▓▓▓▓▓▓▓▓▓▓▓▓▓▓▓▓ ▓<...)....5@lo...+ ▓▓▓▓▓▓▓▓▓▓▓▓▓▓▓▓▓▓

You could see an iguana, an orc and a friendly shadow imp.

Vanquished Creatures
  An adder (D)
  An orc (D)
  A goblin (D)
  2 hobgoblins (D)
  A frilled lizard (D)
  A leopard gecko skeleton (D)
  A rat (D)
8 creatures vanquished.

Notes
Turn   | Place    | Note
-------+----------+-------------------------------------------
     0 | D        | Lanoc the Demonspawn Fighter began the quest for the Orb.
     0 | D        | Reached XP level 1. HP: 18/18 MP: 1/1
     7 | D        | Reached skill level 1 in Dodging
    19 | D        | Noticed an iguana
    31 | D        | Reached skill level 4 in Fighting
    31 | D        | Gained mutation: A weak demonic guardian rushes to your
                  | aid. [demonic ancestry]
    31 | D        | Reached XP level 2. HP: 10/25 MP: 2/2
    36 | D        | Slain by an iguana

Levels and vault maps discovered:
D:        linesprint [early_d, line_temple, items_1, d_10, items_2, lair_1,
          lair_end, items_3, orc_1, orc_end, items_4, d_15, swamp_1, shoals_1,
          snake_1, spider_1, d_20, vaults_1, items_5, swamp_end, shoals_end,
          snake_end, spider_end, vaults_end, d_27, items_6, zot_1, zot_end,
          crypt_end, forest_end, elf_end, slime_end, tomb_end, abyss_end,
          pan_hell_end]

Skill      XL: |  1 |
---------------+----+-----
Armour         | 3 |  3.7
Dodging        | 2 |  2.3
Fighting       | 4 |  4.1
Long Blades    | |  1.7
Shields        | |  2.6

Action                   || total
-------------------------++-------
Melee: Long sword        ||    25
Armor: Scale mail        ||     6
Dodge: Dodged            ||     3
Block: Shield            ||     9

Table legend:
 A = Non-vault XP
 B = Vault XP
 C = Vault XP percentage of total XP
 D = Non-vault monster count
 E = Vault monster count
 F = Vault count percentage of total count
                 A         B        C        D         E       F
            +---------+---------+-------+---------+---------+-------
      Total |       0 |      25 | 100.0 |       0 |       8 | 100.0
            +---------+---------+-------+---------+---------+-------
          D |       0 |      25 | 100.0 |       0 |       8 | 100.0
            +---------+---------+-------+---------+---------+-------
